 Dungeon Crawl Stone Soup version 0.21.1-1-g345015f (webtiles) character file.

10964 diana the Carver (level 11, -1/96 HPs)
             Began as a Minotaur Fighter on June 9, 2018.
             Was a Follower of Ru.
             Slain by an entropy weaver (13 damage)
             ... on level 8 of the Dungeon.
             The game lasted 00:21:09 (9746 turns).

diana the Carver (Minotaur Fighter)                 Turns: 9746, Time: 00:21:11

Health: -1/96      AC:  3    Str: 22    XL:     11   Next: 43%
Magic:  10/10      EV: 14    Int:  5    God:    Ru [*.....]
Gold:   471        SH: 11    Dex: 12    Spells: 10/10 levels left

rFire    . . .     SeeInvis +   G - +4 scimitar
rCold    . . .     Gourm    .   c - +0 shield
rNeg     . . .     Faith    .   z - +1 scale mail of Analysis {rPois SInv Stlth+}
rPois    +         Spirit   .   H - +1 hat
rElec    +         Reflect  .   (no cloak)
rCorr    .         Harm     .   (no gloves)
MR       .....                  (no boots)
Stlth    +.........             l - amulet of rage
HPRegen  0.26/turn              (no ring)
MPRegen  0.12/turn              E - ring of poison resistance

@: corroded
A: retaliatory headbutt, hooves 1, horns 2, rugged brown scales 1, electricity
resistance, no charms magic, no fire magic, no hexes magic
a: Renounce Religion, Evoke Berserk Rage


You were on level 8 of the Dungeon.
You worshipped Ru.
Ru was aware of your devotion.
You were not hungry.

You visited 1 branch of the dungeon, and saw 10 of its levels.
You also visited: Sewer.

You collected 471 gold pieces.

Inventory:

Hand Weapons
 G - a +4 scimitar (weapon)
 M - a +4 falchion
Missiles
 F - 7 poisoned javelins (quivered)
Armour
 c - a +0 shield (worn)
 z - the +1 scale mail of Analysis (worn) {rPois SInv Stlth+}
   (You found it on level 5 of the Dungeon)

   It protects you from poison.
   It lets you see invisible.
   It makes you more stealthy.
 H - a +1 hat (worn)
Jewellery
 l - an amulet of rage (around neck)
 E - a ring of poison resistance (right hand)
 K - an uncursed ring of flight
Wands
 p - a wand of polymorph (10)
 u - a wand of paralysis (11)
 L - a wand of scattershot (4)
Scrolls
 b - a scroll of fog {unknown}
 e - 2 scrolls of identify
 i - 2 scrolls of blinking
 j - 7 scrolls of teleportation
 m - 2 scrolls of immolation
 o - 9 scrolls of remove curse
 r - 3 scrolls of fear
 s - a scroll of amnesia {unknown}
 x - a scroll of noise {unknown}
 y - a scroll of brand weapon {unknown}
 A - a scroll of magic mapping {unknown}
 I - a scroll of random uselessness {unknown}
Potions
 d - 2 potions of might
 g - 3 potions of heal wounds
 h - 5 potions of brilliance
 k - a potion of invisibility {unknown}
 q - 2 potions of cancellation
 t - 2 potions of haste
 v - a potion of mutation
 w - 3 potions of degeneration
 B - 4 potions of curing {unknown}
 C - a potion of ambrosia {unknown}
 D - a potion of resistance {unknown}
Books
 n - a book of Cantrips

   Spells                             Type                      Level
   a - Confusing Touch                Hexes                        1
   b - Animate Skeleton               Necromancy                   1
   c - Summon Small Mammal            Summoning                    1
   d - Apportation                    Translocation                1
 J - a book of Air

   Spells                             Type                      Level
   a - Shock                          Conjuration/Air              1
   b - Swiftness                      Charms/Air                   2
   c - Static Discharge               Conjuration/Air              3
   d - Airstrike                      Air                          4
   e - Lightning Bolt                 Conjuration/Air              5
Comestibles
 f - 26 rations


   Skills:
 + Level 8.0 Fighting
 * Level 12.6 Long Blades
 + Level 7.9 Armour
 * Level 11.5 Dodging
 + Level 8.0 Shields


You had 10 spell levels left.
You didn't know any spells.

Dungeon Overview and Level Annotations

Branches:
Dungeon (10/15)            Temple (0/1) D:7            Lair (0/6) D:10
    Orc: D:9-12

Altars:
Ashenzari
Cheibriados
Gozag
Hepliaklqana
Nemelex Xobeh
Ru
Trog
Uskayaw
Vehumet

Shops:
D:8 (


Innate Abilities, Weirdness & Mutations

You reflexively headbutt those who attack you in melee.
You have a pair of horns on your head.
You cannot study or cast Charms magic.
You cannot study or cast Fire magic.
You cannot study or cast Hexes magic.
You have large cloven feet.
You are partially covered in rugged brown scales. (AC +1, +3% HP)
You are resistant to electric shocks. (rElec)


Message History

Press: ? - help, Shift-Dir - straight line, f/p - entropy weaver
Aim: an entropy weaver (moderately wounded, chance to defeat MR: 15%)
Okay, then.
You hit the entropy weaver but do no damage.
Your kick misses the entropy weaver.
Your headbutt misses the entropy weaver.
The entropy weaver is moderately wounded.
The entropy weaver gestures wildly while chanting.
The entropic weave corrodes you!
You hit the entropy weaver but do no damage.
Your kick misses the entropy weaver.
You headbutt the entropy weaver, but do no damage.
The entropy weaver is moderately wounded.
You closely miss the entropy weaver. Your kick misses the entropy weaver.
You headbutt the entropy weaver.
The entropy weaver is moderately wounded.
The entropy weaver hits you!
* * * LOW HITPOINT WARNING * * *
The entropy weaver hits you!
You die...

#.#....#..# ##..#
#.#..).#8. #.8#
#.#....#. #..# #.#....#.
#..# #.#....#8. #.8#
#.#....#..# ##..#
#.#....##.)## ##..##
#### #.##....
#)a####..## ##..#
#.###...
##.@....#......#.... #.#
###..###...###..... #.#
#### .###.# #.. #.#
###...# #
#.################.#.#.#
# #
#....................#.#
#.#
##########.........###.#
#.# #....)....# #.# #..
#.........# #.# #..


You could see an entropy weaver.

Vanquished Creatures
  3 two-headed ogres
  2 unseen horrors (D:10)
  An ugly thing (D:10)
  Joseph (D:7)
  A centaur skeleton (D:10)
  Grinder (D:6)
  A hippogriff (D:8)
  4 hogs (D:7)
  A human (D:7)
  2 wyverns (D:10)
  2 hungry ghosts
  2 wargs (D:10)
  An ice beast (D:8)
  4 orc warriors
  A sky beast (D:8)
  A black bear (D:8)
  An eye of draining (D:9)
  2 necrophages
  8 ogres
  3 phantoms
  5 centaurs
  2 big kobolds (Sewer)
  3 bullfrogs
  A gnoll sergeant (D:8)
  A wyvern zombie (D:6)
  2 scorpions
  8 wights
  2 howler monkeys
  4 jellies
  4 crimson imps
  2 bullfrog zombies
  3 centaur zombies
  A quasit (D:6)
  6 orc priests
  3 hounds
  A bullfrog skeleton (D:10)
  10 orc wizards
  4 iguanas
  5 worker ants
  A polar bear simulacrum (D:9)
  A hound skeleton (D:5)
  A worker ant zombie (D:10)
  3 gnolls (D:8)
  A howler monkey skeleton (D:9)
  11 adders
  2 shadow imps
  4 oozes
  3 adder skeletons
  9 worms
  8 leopard geckos
  28 orcs
  A ball python (D:2)
  6 bats
  10 giant cockroaches
  6 goblins (D:1)
  5 hobgoblins
  7 jackals
  5 quokkas
  6 frilled lizards
  A jackal skeleton (D:5)
  A jackal zombie (D:7)
  11 kobolds
  A leopard gecko skeleton (D:4)
  A quokka zombie (D:3)
  9 rats
251 creatures vanquished.

Vanquished Creatures (others)
  A wight (D:8)
1 creature vanquished.

Grand Total: 252 creatures vanquished

Notes
Turn   | Place    | Note
-------+----------+-------------------------------------------
     0 | D:1      | diana the Minotaur Fighter began the quest for the Orb.
     0 | D:1      | Reached XP level 1. HP: 19/19 MP: 0/0
   162 | D:1      | Reached XP level 2. HP: 27/27 MP: 1/1
   361 | D:1      | Reached skill level 1 in Dodging
   501 | D:1      | Reached skill level 3 in Long Blades
   705 | D:2      | Found a radiant altar of Vehumet.
   830 | D:2      | Reached XP level 3. HP: 14/33 MP: 2/2
  1732 | D:3      | Reached XP level 4. HP: 40/40 MP: 3/3
  1739 | D:3      | Reached skill level 4 in Long Blades
  2020 | D:3      | Found a bloodstained altar of Trog.
  2020 | D:3      | Found a snail-covered altar of Cheibriados.
  2732 | D:4      | Reached XP level 5. HP: 36/46 MP: 4/4
  2791 | D:4      | Reached skill level 5 in Long Blades
  3457 | D:5      | Entered Level 5 of the Dungeon
  3536 | D:5      | Noticed an ogre
  3547 | D:5      | Killed an ogre
  3547 | D:5      | Reached XP level 6. HP: 16/52 MP: 5/5
  3816 | D:5      | Found a sacrificial altar of Ru.
  3838 | D:5      | Reached skill level 6 in Long Blades
  3849 | D:5      | Reached skill level 5 in Dodging
  3856 | D:5      | Became a worshipper of Ru the Awakened
  3935 | D:5      | Reached XP level 7. HP: 30/57 MP: 6/6
  4094 | D:5      | Reached skill level 7 in Long Blades
  4440 | D:5      | Found a shattered altar of Ashenzari.
  4512 | D:5      | Got an ichor-stained scale mail
  4524 | D:5      | Identified the +1 scale mail of Analysis {rPois SInv Stlth+} (You found it on level 5 of the Dungeon)
  4737 | D:5      | Gained mutation: Armour fits poorly on your strangely shaped body. [potion of mutation]
  4737 | D:5      | Gained mutation: Your flesh is heat resistant. (rF+) [potion of mutation]
  4746 | D:5      | Lost mutation: Armour fits poorly on your strangely shaped body. [potion of mutation]
  4746 | D:5      | Lost mutation: Your flesh is heat resistant. (rF+) [potion of mutation]
  4746 | D:5      | Gained mutation: You are partially covered in rugged brown scales. (AC +1, +3% HP) [potion of mutation]
  4746 | D:5      | Gained mutation: You are resistant to electric shocks. (rElec) [potion of mutation]
  4746 | D:5      | Gained mutation: You have large cloven feet. [potion of mutation]
  5055 | D:6      | Noticed Grinder
  5059 | D:6      | Killed Grinder
  5059 | D:6      | Reached skill level 8 in Long Blades
  5059 | D:6      | Reached XP level 8. HP: 57/67 MP: 7/7
  5183 | D:6      | Found a sparkling altar of Nemelex Xobeh.
  5317 | D:6      | Found a glowing drain.
  5321 | Sewer    | Entered a sewer
  5339 | Sewer    | Gained mutation: You cannot study or cast Fire magic. [Ru sacrifice]
  5339 | Sewer    | Gained mutation: You cannot study or cast Hexes magic. [Ru sacrifice]
  5339 | Sewer    | Gained mutation: You cannot study or cast Charms magic. [Ru sacrifice]
  5339 | Sewer    | Reached * piety under Ru
  5726 | D:6      | Found a hazy altar of Hepliaklqana.
  5732 | D:6      | Reached skill level 9 in Long Blades
  5793 | D:6      | Found a hide-covered altar of Uskayaw.
  5796 | D:6      | Noticed a hand axe
  5796 | D:6      | Noticed a hand axe
  6187 | D:7      | Reached XP level 9. HP: 47/74 MP: 8/8
  6195 | D:7      | Reached skill level 5 in Fighting
  6195 | D:7      | Reached skill level 5 in Armour
  6203 | D:7      | Reached skill level 5 in Shields
  6589 | D:7      | Reached skill level 10 in Long Blades
  6663 | D:7      | Found an opulent altar of Gozag.
  6883 | D:7      | Found a staircase to the Ecumenical Temple.
  6883 | D:7      | Noticed Joseph
  6928 | D:7      | Killed Joseph
  7232 | D:8      | Found Mone's Antique Weapon Boutique.
  7530 | D:8      | Noticed a two-headed ogre
  7615 | D:9      | Reached XP level 10. HP: 78/85 MP: 9/9
  7890 | D:9      | Noticed a two-headed ogre
  7910 | D:9      | Killed a two-headed ogre
  7910 | D:9      | Reached skill level 11 in Long Blades
  7910 | D:9      | Reached skill level 10 in Dodging
  8356 | D:9      | Noticed a necromancer
  8370 | D:10     | Entered Level 10 of the Dungeon
  8412 | D:10     | Noticed an unseen horror
  8420 | D:10     | Killed an unseen horror
  8491 | D:10     | Found a staircase to the Lair.
  8719 | D:10     | Noticed an unseen horror
  8726 | D:10     | Killed an unseen horror
  8726 | D:10     | Reached skill level 12 in Long Blades
  8731 | D:10     | Noticed a white ugly thing
  8741 | D:10     | Killed a white ugly thing
  8741 | D:10     | Reached XP level 11. HP: 90/94 MP: 10/10
  8927 | D:10     | Noticed a two-headed ogre
  8935 | D:10     | Killed a two-headed ogre
  9360 | D:10     | Found an opulent altar of Gozag.
  9537 | D:8      | Killed a two-headed ogre
  9738 | D:8      | Noticed a six-headed hydra
  9740 | D:8      | Noticed an entropy weaver
  9740 | D:8      | a six-headed hydra changed into an entropy weaver
  9746 | D:8      | Slain by an entropy weaver

Skill      XL: |  1  2  3  4  5  6  7  8  9 10 11 |
---------------+----------------------------------+-----
Dodging        | 1 2 3 4 5 7 8 9 10 11 | 11.5
Long Blades    | 3 4 5 6 8 9 10 12 | 12.6
Armour         | 4 6 7 |  7.9
Fighting       | 4 6 7 8 |  8.0
Shields        | 4 6 7 8 |  8.0

Action                   |  1- 3 |  4- 6 |  7- 9 | 10-12 || total
-------------------------+-------+-------+-------+-------++-------
Melee: Long sword        |   122 |   112 |   293 |       ||   527
       Headbutt          |    12 |    31 |    65 |    46 ||   154
       Kick              |       |       |    92 |    75 ||   167
       Scimitar          |       |       |    50 |   212 ||   262
Invok: Sacrifice Arcana  |       |       |     1 |       ||     1
       Reject Sacrifices |       |       |     1 |       ||     1
Evoke: Wand              |       |       |       |     4 ||     4
  Use: Scroll            |       |     7 |     6 |     1 ||    14
       Potion            |       |       |     4 |     1 ||     5
  Eat: Chunk             |     2 |     4 |    14 |     4 ||    24
       Ration            |       |     1 |       |     1 ||     2
Armor: Scale mail        |    70 |    13 |    57 |    39 ||   179
       Ring mail         |       |    13 |     6 |       ||    19
Dodge: Dodged            |    41 |    42 |   113 |    69 ||   265
Block: Shield            |    62 |    60 |   118 |    86 ||   326
       Rpst.: Long sword |     9 |    10 |    34 |       ||    53
       Scimitar          |       |       |     1 |    22 ||    23
